| TOP OF THE 1ST |
|
Chicago White Sox batting - Pitching for Texas Rangers : RHP Jeff Byrd
|
|
Pitching: RHP Jeff Byrd
|
|
|
Batting: SHB Ozzie Smith
|
0-0: Ball 1-0: Called Strike 1-1: Ball 2-1: Fly out, F5 (Popup, 5SF, EV 85.6 MPH)
|
|
Batting: RHB Mike Heath
|
0-0: Ball 1-0: Swinging Strike 1-1: SINGLE (Line Drive, 8LS, EV 106.3 MPH)
|
|
Batting: RHB Kevin McReynolds
|
0-0: Called Strike 0-1: Called Strike 0-2: Foul Ball, location: 2F 0-2: Ball 1-2: Foul Ball, location: 2F 1-2: Ball 2-2: Strikes out swinging
|
|
Batting: RHB Tim Teufel
|
0-0: Ball 1-0: Called Strike 1-1: Ball 2-1: Foul Ball, location: 2F 2-2: Foul Ball, location: 2F 2-2: Foul Ball, location: 2F 2-2: Strikes out swinging
|
| Top of the 1st over - 0 runs, 1 hit, 0 errors, 1 left on base; Chicago 0 - Texas 0 |
| BOTTOM OF THE 1ST |
|
Texas Rangers batting - Pitching for Chicago White Sox : LHP John Candelaria
|
|
Pitching: LHP John Candelaria
|
|
|
Batting: LHB Lenny Dykstra
|
0-0: Bunted foul 0-1: Ground out 4-3 (Groundball, 4S, EV 68.8 MPH)
|
|
Batting: RHB Kirby Puckett
|
0-0: Ball 1-0: Foul Ball, location: 2F 1-1: Called Strike 1-2: Foul Ball, location: 2F 1-2: Foul Ball, location: 2F 1-2: Ball 2-2: Ground out 5-3 (Groundball, 56S, EV 72.5 MPH)
|
|
Batting: RHB Steve Garvey
|
0-0: SINGLE (Groundball, 56D, EV 94.4 MPH)
|
|
Batting: RHB Steve Balboni
|
0-0: Fly out, F9 (Line Drive, 9, EV 96.3 MPH)
|
| Bottom of the 1st over - 0 runs, 1 hit, 0 errors, 1 left on base; Chicago 0 - Texas 0 |
| TOP OF THE 2ND |
|
Chicago White Sox batting - Pitching for Texas Rangers : RHP Jeff Byrd
|
|
Batting: SHB Dwayne Taggart
|
0-0: Ball 1-0: Ball 2-0: Ball 3-0: Base on Balls
|
|
Batting: LHB Ryan MacFarland
|
0-0: Ball Dwayne Taggart steals 2nd base 1-0: Called Strike 1-1: Ball 2-1: Ground out 6-3 (Groundball, 6, EV 80.0 MPH) Dwayne Taggart to third
|
|
Batting: RHB Mike A Marshall
|
0-0: Ball 1-0: Fly out, F8 (Flyball, 8LD, EV 85.0 MPH) Runner from 3rd tags up, OUT at HOME! 8-2
|
| Top of the 2nd over - 0 runs, 0 hits, 0 errors, 0 left on base; Chicago 0 - Texas 0 |
| BOTTOM OF THE 2ND |
|
Texas Rangers batting - Pitching for Chicago White Sox : LHP John Candelaria
|
|
Batting: LHB Jody Helser
|
0-0: Ball 1-0: Called Strike 1-1: Foul Ball, location: 2F 1-2: Ball 2-2: Fly out, F8 (Flyball, 8LD, EV 89.4 MPH)
|
|
Batting: RHB Rich Dauer
|
0-0: Ball 1-0: Called Strike 1-1: Ball 2-1: Ball 3-1: Ground out 4-3 (Groundball, 4, EV 90.0 MPH)
|
|
Batting: RHB George Bjorkman
|
0-0: Ball 1-0: Fly out, F7 (Flyball, 7LS, EV 82.5 MPH)
|
| Bottom of the 2nd over - 0 runs, 0 hits, 0 errors, 0 left on base; Chicago 0 - Texas 0 |
| TOP OF THE 3RD |
|
Chicago White Sox batting - Pitching for Texas Rangers : RHP Jeff Byrd
|
|
Batting: RHB Jim Wynn
|
0-0: Ball 1-0: Called Strike 1-1: Ball 2-1: Foul Ball, location: 2F 2-2: Foul Ball, location: 2F 2-2: Strikes out swinging
|
|
Batting: LHB Steve Christmas
|
0-0: Ball 1-0: Ball 2-0: Called Strike 2-1: DOUBLE (Line Drive, 5D, EV 108.1 MPH)
|
|
Batting: SHB Ozzie Smith
|
0-0: Swinging Strike 0-1: Called Strike 0-2: Ball 1-2: Ball 2-2: Strikes out swinging
|
|
Batting: RHB Mike Heath
|
0-0: Ball 1-0: Called Strike 1-1: Fly out, F7 (Flyball, 7LM, EV 75.0 MPH)
|
| Top of the 3rd over - 0 runs, 1 hit, 0 errors, 1 left on base; Chicago 0 - Texas 0 |
| BOTTOM OF THE 3RD |
|
Texas Rangers batting - Pitching for Chicago White Sox : LHP John Candelaria
|
|
Batting: RHB Juan Rodriguez
|
0-0: Called Strike 0-1: Ground out U3 (Groundball, 34S, EV 90.6 MPH)
|
|
Batting: RHB Juan Samuel
|
0-0: Ball 1-0: Ball 2-0: Ball 3-0: Foul Ball, location: 2F 3-1: SINGLE (Line Drive, 8LS, EV 112.5 MPH)
|
|
Batting: LHB Lenny Dykstra
|
0-0: Ball 1-0: Called Strike 1-1: Swinging Strike 1-2: Foul Ball, location: 2F 1-2: Fielders Choice at 2nd, 3-6 (Groundball, 3, EV 80.0 MPH)
|
|
Batting: RHB Kirby Puckett
|
0-0: Ball 1-0: SINGLE (Line Drive, 6MD, EV 105.0 MPH) Lenny Dykstra to second Runner from 2nd tries for 3rd, SAFE, no throw by CF
|
|
Batting: RHB Steve Garvey
|
0-0: Ball Wild Pitch! Lenny Dykstra scores Kirby Puckett to second 1-0: Ball 2-0: Foul Ball, location: 2F 2-1: Called Strike 2-2: Strikes out swinging
|
| Bottom of the 3rd over - 1 run, 2 hits, 0 errors, 1 left on base; Chicago 0 - Texas 1 |
| TOP OF THE 4TH |
|
Chicago White Sox batting - Pitching for Texas Rangers : RHP Jeff Byrd
|
|
Batting: RHB Kevin McReynolds
|
0-0: Ball 1-0: Foul Ball, location: 2F 1-1: Called Strike 1-2: Ball 2-2: Ball 3-2: SINGLE (Line Drive, 9LS, EV 99.4 MPH)
|
|
Batting: RHB Tim Teufel
|
0-0: Grounds into double play, 5-4-3 (Groundball, 56S, EV 78.1 MPH)
|
|
Batting: SHB Dwayne Taggart
|
0-0: Ground out 4-3 (Groundball, 4, EV 106.3 MPH)
|
| Top of the 4th over - 0 runs, 1 hit, 0 errors, 0 left on base; Chicago 0 - Texas 1 |
| BOTTOM OF THE 4TH |
|
Texas Rangers batting - Pitching for Chicago White Sox : LHP John Candelaria
|
|
Batting: RHB Steve Balboni
|
0-0: Ball 1-0: Called Strike 1-1: Ball 2-1: Called Strike 2-2: Strikes out swinging
|
|
Batting: LHB Jody Helser
|
0-0: Ball 1-0: SINGLE (Flyball, 9LS, EV 93.1 MPH)
|
|
Batting: RHB Rich Dauer
|
0-0: Called Strike 0-1: Ball 1-1: Ball 2-1: Ball 3-1: Called Strike 3-2: Ground out 6-3 (Groundball, 6M, EV 90.0 MPH) Jody Helser to second
|
|
Batting: RHB George Bjorkman
|
0-0: Foul Ball, location: 2F 0-1: Ground out 4-3 (Groundball, 13, EV 84.4 MPH)
|
| Bottom of the 4th over - 0 runs, 1 hit, 0 errors, 1 left on base; Chicago 0 - Texas 1 |
| TOP OF THE 5TH |
|
Chicago White Sox batting - Pitching for Texas Rangers : RHP Jeff Byrd
|
|
Batting: LHB Ryan MacFarland
|
0-0: Swinging Strike 0-1: Ball 1-1: Foul Ball, location: 2F 1-2: Reached on error, E4 (Groundball, 4M, EV 102.5 MPH)
|
|
Batting: RHB Mike A Marshall
|
0-0: Fielders Choice at 2nd, 5-4 (Groundball, 56, EV 78.8 MPH)
|
|
Batting: RHB Jim Wynn
|
0-0: Ball 1-0: Ball 2-0: Foul Ball, location: 2F 2-1: Foul Ball, location: 2F 2-2: Ball Wild Pitch! Mike A Marshall to second 3-2: Strikes out swinging
|
|
Batting: LHB Steve Christmas
|
0-0: Ball 1-0: SINGLE (Line Drive, 78S, EV 97.5 MPH) Mike A Marshall to third Runner from 3rd tries for Home, SAFE, throw by LF to home
|
|
Batting: SHB Ozzie Smith
|
0-0: Called Strike 0-1: Called Strike 0-2: Ball 1-2: Foul Ball, location: 2F 1-2: Foul Ball, location: 2F 1-2: Ball 2-2: Foul Ball, location: 2F 2-2: Ball 3-2: Ground out 4-3 (Groundball, 4, EV 108.8 MPH)
|
| Top of the 5th over - 1 run, 1 hit, 1 error, 1 left on base; Chicago 1 - Texas 1 |
| BOTTOM OF THE 5TH |
|
Texas Rangers batting - Pitching for Chicago White Sox : LHP John Candelaria
|
|
Batting: RHB Juan Rodriguez
|
0-0: Ground out 6-3 (Groundball, 6, EV 87.5 MPH)
|
|
Batting: RHB Juan Samuel
|
0-0: Foul Ball, location: 2F 0-1: Ball 1-1: Ball 2-1: Ball 3-1: Base on Balls
|
|
Batting: LHB Lenny Dykstra
|
0-0: Ball 1-0: Foul Ball, location: 2F 1-1: Ball 2-1: Ball 3-1: Fly out, F7 (Line Drive, 7, EV 98.1 MPH)
|
|
Batting: RHB Kirby Puckett
|
0-0: Ball 1-0: Swinging Strike 1-1: Foul Ball, location: 2F 1-2: Fly out, F4 (Flyball, 3D, EV 90.6 MPH)
|
| Bottom of the 5th over - 0 runs, 0 hits, 0 errors, 1 left on base; Chicago 1 - Texas 1 |
| TOP OF THE 6TH |
|
Chicago White Sox batting - Pitching for Texas Rangers : RHP Jeff Byrd
|
|
Batting: RHB Mike Heath
|
0-0: Ball 1-0: Ball 2-0: Ball 3-0: Called Strike 3-1: Ground out 6-3 (Groundball, 56, EV 98.1 MPH)
|
|
Batting: RHB Kevin McReynolds
|
0-0: Ball 1-0: Called Strike 1-1: Foul Ball, location: 2F 1-2: Foul Ball, location: 2F 1-2: Ground out 4-3 (Groundball, 4S, EV 88.1 MPH)
|
|
Batting: RHB Tim Teufel
|
0-0: Called Strike 0-1: Ball 1-1: Swinging Strike 1-2: Ball 2-2: Strikes out swinging
|
| Top of the 6th over - 0 runs, 0 hits, 0 errors, 0 left on base; Chicago 1 - Texas 1 |
| BOTTOM OF THE 6TH |
|
Texas Rangers batting - Pitching for Chicago White Sox : LHP John Candelaria
|
|
Batting: RHB Steve Garvey
|
0-0: Ball 1-0: Foul Ball, location: 2F 1-1: SINGLE (Groundball, 34D, EV 103.1 MPH)
|
|
Batting: RHB Steve Balboni
|
0-0: Ball 1-0: Grounds into double play, 4-6-3 (Groundball, 4, EV 78.8 MPH)
|
|
Batting: LHB Jody Helser
|
0-0: Called Strike 0-1: Ball 1-1: Ball 2-1: Swinging Strike 2-2: Foul Ball, location: 2F 2-2: Ground out 6-3 (Groundball, 6, EV 104.4 MPH)
|
| Bottom of the 6th over - 0 runs, 1 hit, 0 errors, 0 left on base; Chicago 1 - Texas 1 |
| TOP OF THE 7TH |
|
Chicago White Sox batting - Pitching for Texas Rangers : RHP Jeff Byrd
|
|
Batting: SHB Dwayne Taggart
|
0-0: Ground out 3-1 (Groundball, 34D, EV 96.9 MPH)
|
|
Batting: LHB Ryan MacFarland
|
0-0: Ball 1-0: Ball 2-0: Ball 3-0: Base on Balls
|
|
Batting: RHB Mike A Marshall
|
0-0: Ball 1-0: Grounds into double play, 5-4-3 (Groundball, 56S, EV 81.3 MPH)
|
| Top of the 7th over - 0 runs, 0 hits, 0 errors, 0 left on base; Chicago 1 - Texas 1 |
| BOTTOM OF THE 7TH |
|
Texas Rangers batting - Pitching for Chicago White Sox : LHP John Candelaria
|
|
Batting: RHB Rich Dauer
|
0-0: Ball 1-0: Called Strike 1-1: Ground out 5-3 (Groundball, 56S, EV 79.4 MPH)
|
|
Batting: RHB George Bjorkman
|
0-0: Called Strike 0-1: Called Strike 0-2: Ball 1-2: Strikes out swinging
|
|
Batting: RHB Juan Rodriguez
|
0-0: Called Strike 0-1: Ball 1-1: Fly out, F9 (Flyball, 89M, EV 91.3 MPH)
|
| Bottom of the 7th over - 0 runs, 0 hits, 0 errors, 0 left on base; Chicago 1 - Texas 1 |
| TOP OF THE 8TH |
|
Chicago White Sox batting - Pitching for Texas Rangers : RHP Jeff Byrd
|
|
Pitching: RHP John Sutton
|
|
|
Batting: RHB Jim Wynn
|
0-0: Called Strike 0-1: Ball 1-1: SINGLE (Groundball, 56D, EV 100.6 MPH)
|
|
Batting: LHB Steve Christmas
|
0-0: Ball 1-0: Bunted foul 1-1: Bunted foul 1-2: Foul Ball, location: 2F 1-2: Foul Ball, location: 2F 1-2: Ball 2-2: Ball 3-2: Ground out 3-1 (Groundball, 34, EV 101.9 MPH) Jim Wynn to second
|
|
Pitching: LHP Jesse Orosco
|
|
|
Batting: SHB Ozzie Smith
|
0-0: Foul Ball, location: 2F 0-1: Ball 1-1: DOUBLE (Line Drive, 78M, EV 95.6 MPH) Jim Wynn scores
|
|
Batting: RHB Mike Heath
|
0-0: Swinging Strike 0-1: Ball 1-1: Ground out 5-3 (Groundball, 56, EV 86.3 MPH)
|
|
Batting: RHB Kevin McReynolds
|
0-0: Ball 1-0: Called Strike 1-1: Foul Ball, location: 2F 1-2: Ball 2-2: SINGLE (Groundball, 56D, EV 96.3 MPH) Ozzie Smith to third Runner from 3rd tries for Home, SAFE, throw by LF to home
|
|
Batting: RHB Tim Teufel
|
0-0: Fly out, F8 (Flyball, 8RD, EV 100.0 MPH)
|
| Top of the 8th over - 2 runs, 3 hits, 0 errors, 1 left on base; Chicago 3 - Texas 1 |
| BOTTOM OF THE 8TH |
|
Texas Rangers batting - Pitching for Chicago White Sox : LHP John Candelaria
|
|
Batting: RHB Juan Samuel
|
0-0: Swinging Strike 0-1: Foul Ball, location: 2F 0-2: Ball 1-2: Foul Ball, location: 2F 1-2: Ground out 6-3 (Groundball, 6S, EV 69.4 MPH)
|
|
Pitching: RHP Dickie Noles
|
|
|
Batting: LHB Lenny Dykstra
|
0-0: Foul Ball, location: 2F 0-1: Ball 1-1: Ball 2-1: Called Strike 2-2: Foul Ball, location: 2F 2-2: Ball 3-2: Foul Ball, location: 2F 3-2: Foul Ball, location: 2F 3-2: Base on Balls
|
|
Batting: RHB Kirby Puckett
|
0-0: Ball 1-0: Fly out, F4 (Line Drive, 4, EV 70.0 MPH)
|
|
Batting: RHB Steve Garvey
|
0-0: Called Strike 0-1: SINGLE (Flyball, 56D, EV 83.1 MPH) Lenny Dykstra to second
|
|
Batting: RHB Steve Balboni
|
0-0: Ball 1-0: Ball 2-0: Foul Ball, location: 2F 2-1: 3-RUN HOME RUN (Flyball, 89XD, EV 89.4 MPH), Distance : 392 ft
|
|
Pitching: LHP Gary Christophel
|
|
|
Batting: LHB Jody Helser
|
0-0: Ball 1-0: Foul Ball, location: 2F 1-1: Called Strike 1-2: Strikes out swinging
|
| Bottom of the 8th over - 3 runs, 2 hits, 0 errors, 0 left on base; Chicago 3 - Texas 4 |
| TOP OF THE 9TH |
|
Chicago White Sox batting - Pitching for Texas Rangers : LHP Jesse Orosco
|
|
Batting: SHB Dwayne Taggart
|
0-0: Ball 1-0: Ball 2-0: Called Strike 2-1: Swinging Strike 2-2: Strikes out looking
|
|
Batting: LHB Ryan MacFarland
|
0-0: Called Strike 0-1: Swinging Strike 0-2: Ball 1-2: Strikes out swinging
|
|
Batting: RHB Mike A Marshall
|
0-0: Fly out, F9 (Flyball, 9S, EV 88.8 MPH)
|
| Top of the 9th over - 0 runs, 0 hits, 0 errors, 0 left on base; Chicago 3 - Texas 4 |
|